 Dungeon Crawl Stone Soup version 0.31.0-11-ge490571c62 (webtiles) character file.

Game seed: 5705710549155976052

17 browni3141 the Cudgeller (level 2, 22/22 HPs)
             Began as a Demonspawn Gladiator on Jan 31, 2024.
             Got out of the dungeon alive.
             The game lasted 00:00:27 (667 turns).

browni3141 the Cudgeller (Demonspawn Gladiator)      Turns: 667, Time: 00:00:27

Health: 22/22      AC:  4    Str: 14    XL:     2   Next: 44%
Magic:  2/2        EV: 12    Int:  8    God:
Gold:   27         SH:  0    Dex: 14    Spells: 1/1 levels left

rFire   . . .        a - +0 flail
rCold   . . .        (no shield)
rNeg    . . .        b - +0 leather armour
rPois   .            c - +0 helmet
rElec   .            (no cloak)
rCorr   .            (no gloves)
SInv    .            (no boots)
Will    .....        (no amulet)
Stlth   +            (no ring)
HPRegen 0.23/turn    (no ring)
MPRegen 0.08/turn

%: no passive effects
@: no status effects
A: hooves 1
a: no special abilities


You escaped.
You visited 1 branch of the dungeon, and saw 1 of its levels.

You collected 27 gold pieces.

Inventory:

Hand Weapons
 a - a +0 flail (weapon)
Missiles
 d - 3 throwing nets (quivered)
 e - a javelin
Armour
 b - a +0 leather armour (worn)
 c - a +0 helmet (worn)
Scrolls
 g - 3 scrolls of identify {unknown}
 j - a scroll of immolation {unknown}
Potions
 f - a potion of cancellation {unknown}
 h - a potion of mutation {unknown}
 i - a potion of lignification {unknown}


   Skills:
 + Level 2.2 Fighting
 + Level 2.9 Maces & Flails
 + Level 2.1 Throwing
 + Level 2.9 Dodging


You had one spell level left.
You didn't know any spells.
Your spell library was empty.

Dungeon Overview and Level Annotations

Branches:
Dungeon (1/15)

Altars:


Innate Abilities, Weirdness & Mutations

You have large cloven feet.


Message History

The goblin shouts!
A goblin is nearby!
A goblin is nearby!
You closely miss the goblin. The goblin hits you but does no damage.
A goblin is nearby!
You hit the goblin.
You kill the goblin!
A jackal comes into view.
The jackal barks!
You hear a bark!
A jackal comes into view.
No target in view! 2 jackals come into view.
The jackal barks!
The jackal barely misses you.
There are monsters nearby!
You closely miss the jackal. The jackal bites you. The jackal misses you.
There are monsters nearby!
You miss the jackal. You kick the jackal.
The jackal is moderately wounded.
You hit the jackal but do no damage. You kick the jackal.
The jackal is almost dead.
The jackal misses you.
The jackal bites you. x2; The jackal barely misses you.
The jackal closely misses you.
The jackal bites you but does no damage.
There are monsters nearby!
You miss the jackal. You kick the jackal.
You kill the jackal!
The jackal barely misses you.
The jackal bites you but does no damage.
There are monsters nearby!
You closely miss the jackal. Your kick misses the jackal.
The jackal barely misses you.
The jackal bites you but does no damage. x2
The jackal closely misses you.
There are monsters nearby!
You barely miss the jackal. Your kick misses the jackal.
The jackal bites you but does no damage.
The jackal misses you. The jackal closely misses you.
The jackal barely misses you.
You hit the jackal. You kick the jackal.
You kill the jackal!
The jackal bites you but does no damage.
The jackal misses you.
A jackal is nearby!
You closely miss the jackal. The jackal closely misses you.
The jackal bites you but does no damage.
A jackal is nearby!
You barely miss the jackal. You kick the jackal, but do no damage.
The jackal barely misses you.
The jackal bites you but does no damage.
A jackal is nearby!
You barely miss the jackal. Your kick misses the jackal.
The jackal barely misses you.
A jackal is nearby!
You barely miss the jackal. The jackal barely misses you.
The jackal bites you but does no damage.
A jackal is nearby!
You closely miss the jackal.
The jackal bites you but does no damage.
The jackal barely misses you.
A jackal is nearby!
You barely miss the jackal. The jackal bites you.
A jackal is nearby!
You hit the jackal. Your kick misses the jackal.
The jackal is severely wounded.
The jackal completely misses you.
The jackal bites you but does no damage.
You hit the jackal.
You kill the jackal!
No target in view!
No target in view!
No target in view!
You open the door.
You see here a +0 pair of boots.
There is a stone staircase leading down here.
There is a stone staircase leading down here.
A ball python comes into view.
A ball python is nearby!
A ball python is nearby!
A ball python is nearby!
The ball python hisses angrily.
The ball python closely misses you. The ball python grabs you.
The ball python constricts you.
You hit the ball python.
You kill the ball python!
You see here a ball python corpse.
No target in view!
No target in view!
You see here a ball python corpse.
Done exploring.
Done exploring.
Done exploring.
Done exploring.
No target in view!
No target in view!
Done exploring.
Done exploring.
No target in view!
There is a staircase leading out of the dungeon here.
You have escaped!

####### #.P♣♣♣.♣ ......# #......P
......# #################......
......#####.............# #.##.#.
........##....##..##..#.###.##...
......#.......##..##..#.....####.
......########..##..####..### ##
......# ###..##..#####.######.
......# #..##@.##..# #........
......# #..##..##..##########.
####### ###..##..###........#.
###.[##..###.#........
#..##..##..#..........
#..##..##..###........ ##
##.##..#.............. .#####
#.................... .....#
#######..............


There were no monsters in sight!

Vanquished Creatures
  A dart slug (D:1)
  2 endoplasms (D:1)
  A goblin (D:1)
  3 jackals (D:1)
  A quokka (D:1)
  2 ball pythons (D:1)
  A bat (D:1)
  A frilled lizard (D:1)
  3 rats (D:1)
15 creatures vanquished.

Notes
Turn   | Place    | Note
-------+----------+-------------------------------------------
     0 | D:1      | browni3141 the Demonspawn Gladiator began the quest for the
                  | Orb.
     0 | D:1      | Reached XP level 1. HP: 16/16 MP: 1/1
   342 | D:1      | Found a faded altar of an unknown god.
   374 | D:1      | Gained mutation: You have large cloven feet. [demonic
                  | ancestry]
   374 | D:1      | Reached XP level 2. HP: 22/22 MP: 2/2
   667 | D:$      | Got out of the dungeon alive.

Illustrated notes

Levels and vault maps discovered:
D:1:      lightli_iron_boxes, layout_basic, dreamdust_ecumenical_altar_grove

Skill      XL: |  1 |
---------------+----+-----
Throwing       | 2 |  2.1
Fighting       | |  2.2
Maces & Flails | |  2.9
Dodging        | |  2.9

Action                     || total
---------------------------++-------
  Melee: Flail             ||    38
         Kick              ||     6
 Armour: Leather armour    ||    25
  Dodge: Dodged            ||    29
